 Dungeon Crawl Stone Soup version 0.16.2-12-gd0ad4c3 (webtiles) character file.

284354 faibistes the Sorcerer (level 19, -2/112 HPs)
             Began as a Deep Elf Wizard on Jan 29, 2019.
             Was the Champion of Sif Muna.
             Shot with a steel bolt by a yaktaur captain (27 damage)
             ... on level 1 of the Vaults on Jan 30, 2019.
             The game lasted 04:31:26 (77312 turns).

faibistes the Sorcerer (Deep Elf Wizard)           Turns: 77312, Time: 04:31:27

Health: -2/112     AC: 18    Str:  4      XL:     19   Next: 78%
Magic:  3/52       EV: 17    Int: 29 (32) God:    Sif Muna [******]
Gold:   2379       SH:  0    Dex: 13      Spells: 12 memorised, 1 level left

rFire  + + +     SeeInvis .     C - staff of fire
rCold  x x .     Clarity  .     u - +1 robe {MR+}
rNeg   . . .     SustAb   .     (no shield)
rPois  .         Gourm    .     R - +2 hat
rElec  .         Spirit   .     l - +2 cloak
rCorr  .         Warding  .     s - +2 pair of gloves
rMut   .         Stasis   .     P - +2 pair of boots
MR     ++...                    g - amulet of regeneration
Stlth  ++........               f - +4 ring of protection
                                o - ring of magical power

@: immune to fire clouds (expiring), marked, very slightly contaminated, very
resistant to hostile enchantments, unstealthy
A: no striking features
a: Channel Energy, Forget Spell, Renounce Religion
}: 2/15 runes: decaying, gossamer


You were on level 1 of the Vaults.
You worshipped Sif Muna.
Sif Muna was exalted by your worship.
You were not hungry.

You visited 8 branches of the dungeon, and saw 42 of its levels.
You also visited: Ossuary and Bailey.

You collected 4189 gold pieces.
You spent 1810 gold pieces at shops.

Inventory:

Armour
 l - a +2 cloak (worn)
 s - a +2 pair of gloves (worn)
 u - a +1 robe of magic resistance (worn)
 P - a +2 pair of boots (worn)
 R - a +2 hat (worn)
Magical staves
 C - an uncursed staff of fire (weapon)
 H - an uncursed staff of air
Jewellery
 f - a +4 ring of protection (right hand)
 g - an amulet of regeneration (around neck)
 h - a cursed ring of protection from cold
 o - a ring of magical power (left hand)
 z - an uncursed amulet of warding
 L - an uncursed ring of see invisible
 N - an uncursed ring of poison resistance
Magical devices
 a - a wand of teleportation (3)
 b - a wand of cold (8)
 c - a wand of teleportation (4)
 i - a wand of digging (9)
 p - a wand of cold (6)
 y - a wand of enslavement (8)
 Q - a wand of draining (7)
 S - a wand of fireball (4)
 Y - a wand of disintegration (14)
Scrolls
 k - a scroll of identify
 n - 14 scrolls of remove curse
 v - 2 scrolls of magic mapping
 D - 3 scrolls of fog
 E - 5 scrolls of blinking
 F - 4 scrolls of teleportation
 I - 9 scrolls of fear
 J - 3 scrolls of recharging
 M - 2 scrolls of holy word
 X - 4 scrolls of immolation
Potions
 e - a potion of resistance
 r - 13 potions of curing
 t - 6 potions of ambrosia
 w - 3 potions of cancellation
 x - 6 potions of brilliance
 A - 3 potions of restore abilities
 G - 4 potions of cure mutation
 K - 4 potions of heal wounds
 O - 3 potions of flight
 T - 8 potions of haste
 V - a potion of invisibility
Miscellaneous
 U - a lamp of fire
Comestibles
 d - 21 bread rations
 m - 7 royal jellies
 q - 18 meat rations


   Skills:
 + Level 10.1 Fighting
 - Level 10.0 Dodging
 - Level 2.4 Stealth
 * Level 21.2 Spellcasting
 * Level 14.6 Conjurations
 - Level 12.0 Charms
   Level 1.1 Summonings
 - Level 7.0 Translocations
 - Level 3.4 Transmutations
 * Level 14.6 Fire Magic
 - Level 6.0 Air Magic
 * Level 14.8 Earth Magic
 - Level 5.2 Poison Magic
 - Level 10.1 Invocations
 - Level 9.0 Evocations


You had one spell level left.
You knew the following spells:

 Your Spells              Type           Power        Failure   Level  Hunger
a - Iron Shot             Conj/Erth      #######...   1%          6    None
b - Ring of Flames        Chrm/Fire      ########..   4%          7    ###....
d - Blink                 Tloc           N/A          1%          2    None
e - Poisonous Cloud       Conj/Pois/Air  ######....   8%          6    None
f - Deflect Missiles      Chrm/Air       ######....   6%          6    None
h - Haste                 Chrm           #######.     1%          6    None
i - Ignite Poison         Fire/Trmt      ########..   1%          5    None
k - Magic Dart            Conj           ####         0%          1    None
l - Lee's Rapid Deconstr  Erth           #######...   1%          5    None
v - Bolt of Fire          Conj/Fire      ########..   1%          6    None
x - Force Lance           Conj/Tloc      #######.     1%          4    None
z - Fireball              Conj/Fire      ########..   1%          5    None


Dungeon Overview and Level Annotations

Branches:
Dungeon (15/15)            Temple (1/1) D:7            Lair (8/8) D:10
  Swamp (5/5) Lair:6       Spider (5/5) Lair:4        Slime (0/6) Lair:8
    Orc (4/4) D:10            Elf (2/3) Orc:4        Vaults (2/5) D:13
  Crypt: Vaults:2-3  Depths: D:15

Altars:
Ashenzari
Cheibriados
Dithmenos
Elyvilon
Fedhas
Gozag
Kikubaaqudgha
Makhleb
Nemelex Xobeh
Okawaru
Qazlal
Ru
Sif Muna
Trog
Vehumet
Xom
Yredelemnul
Zin
The Shining One
Beogh

Shops:
D:5 ?   D:8 *:   Orc:1 [   Orc:4 *([:

Portals:
Hell: Lair:8

Annotations:
Vaults:1 Norris


Message History

The fireball engulfs the yaktaur.
You kill the yaktaur!
The fireball engulfs the yaktaur.
You kill the yaktaur!
The fireball engulfs the yaktaur captain.
The yaktaur captain is severely wounded.
Norris invokes the aid of his god against you.
You feel dopey. Something feeds on your intellect!
Casting: Fireball
Confirm with . or Enter, or press ? or * to list all spells.
Aiming: Fireball
Press: ? - help, Shift-Dir - straight line, f - yaktaur captain
Aim: a yaktaur captain, wielding an enchanted arbalest (severely wounded)
You feel a strong surge of power!
The fireball explodes!
The fireball engulfs the yaktaur captain.
The yaktaur captain is almost dead.
The yaktaur captain shoots a steel bolt.
The steel bolt hits you!!
You die...

#.
####@###
#....).#
#......#
####
#...))c#
....
#....§§#
....
#..>.§§#
######
#....§§#
.....#
#...o§@#
.....#
#....§§#
###..#
####'#####
####+####
..'..#.
#.....#
#........#
(.'..#..#
#.....#
#........#
###..#..#
#.....#
#........#
.....#..#
#.....#
#........#
.....#..#
#.....#
#........#
######..#
#.....#
#........#


You could see Norris, a yaktaur captain and an orc.

Vanquished Creatures
  Saint Roka (Orc:4)
  A bone dragon (Swamp:5)
  Arachne (Spider:3)
  A tentacled monstrosity (Vaults:1)
  A sphinx (Vaults:1)
  Rupert (Lair:3)
  Agnes (Swamp:4)
  A thorn hunter (Swamp:3)
  3 vault wardens
  9 ghost moths
  Louise (Swamp:2)
  9 emperor scorpions
  Jorgrun (Spider:4)
  An ironheart preserver (Vaults:1)
  The ghost of faibistes the Thaumaturge, a powerful DEWz of Sif Muna (Lair:7)
  6 vault guards
  Harold (Lair:2)
  22 hydras
  6 centaur warriors
  A catoblepas (D:14)
  2 ogre magi
  2 ghost crabs (Swamp:5)
  10 alligators
  18 dancing weapons
  17 death yaks
  A tengu warrior (D:15)
  Urug (D:11)
  2 orc high priests
  A sun demon (Lair:8)
  A wizard (Lair:8)
  A fire crab (Lair:8)
  21 deep elf knights
  A deep troll (Vaults:1)
  3 spriggan druids
  3 ironbrand convokers
  10 orc knights
  An unseen horror (Vaults:1)
  10 deep elf summoners
  5 swamp dragons
  A shambling mangrove (Swamp:5)
  A spectral hydra (Swamp:5)
  A lindwurm (shapeshifter) (Vaults:1)
  4 orc sorcerers
  20 orb spiders
  35 wolf spiders
  13 ugly things
  13 deep elf conjurers
  5 hill giants
  2 moths of wrath
  7 hornets
  3 cyclopes
  A manticore (D:15)
  A griffon (Vaults:1)
  2 phantasmal warriors (Swamp:5)
  8 elephants (Lair:7)
  A sixfirhy (Lair:8)
  Maurice (Orc:3)
  3 vault sentinels (Vaults:1)
  2 orange demons (Lair:8)
  7 black mambas
  A gargoyle (D:13)
  2 torpor snails
  21 spiny frogs
  2 yaktaurs (Vaults:1)
  Psyche (D:10)
  5 centaur skeletons
  4 swamp worm zombies (Swamp:5)
  A hellwing (Lair:8)
  13 demonic crawlers
  8 komodo dragons
  A kobold demonologist (D:13)
  2 freezing wraiths (Vaults:1)
  3 fire drakes
  3 red devils (Lair:8)
  8 trolls
  A queen bee (Spider:4)
  4 hydra zombies (Swamp:5)
  2 polar bears (Elf:2)
  13 deep elf priests
  2 blue devils (Lair:8)
  26 jumping spiders
  Grinder (D:6)
  8 giant leeches
  A two-headed ogre (shapeshifter) (D:15)
  28 slime creatures
  2 two-headed ogres
  10 ravens
  4 alligator zombies (Swamp:5)
  21 blink frogs
  3 boulder beetles
  14 bog bodies
  9 spriggans
  2 spectral swamp dragons (Swamp:5)
  4 basilisks (D:10)
  3 wyverns
  37 trapdoor spiders
  72 yaks
  53 redbacks
  A vampire (D:15)
  A wraith (D:11)
  13 deep elf magi
  8 hippogriffs
  40 tarantellas
  6 shadows
  30 vampire mosquitoes
  37 deep elf fighters
  2 hungry ghosts
  A human (D:13)
  29 swamp worms
  A wolf (Elf:2)
  3 mottled dragons
  13 insubstantial wisps
  Edmund (D:5)
  3 wargs
  47 orc warriors
  31 water moccasins
  11 swamp drakes
  3 hell hounds (Lair:8)
  13 porcupines
  11 wasps
  7 ice beasts
  2 sky beasts
  41 spiders
  3 swamp dragon zombies (Swamp:5)
  2 boring beetles
  8 phantoms
  A necrophage (D:11)
  An eye of draining (D:9)
  27 centaurs
  Sigmund (D:5)
  21 crocodiles
  12 ogres
  The ghost of faibistes the Magician, an average DEWz (D:3)
  26 giant frogs
  5 big kobolds
  A wyvern skeleton (D:8)
  A wyvern zombie (D:10)
  A gnoll sergeant (D:6)
  14 scorpions
  26 killer bees
  3 electric eels
  12 wights
  4 crimson imps
  2 goliath beetles (D:6)
  2 quasits (D:10)
  2 giant frog zombies
  17 hounds
  35 orc priests
  A human zombie (Ossuary)
  Crazy Yiuf (D:4)
  7 centaur zombies
  11 iguanas
  6 jellies
  2 giant frog skeletons
  36 orc wizards
  8 worker ants
  23 sheep
  3 spectral swamp drakes (Swamp:5)
  A big kobold zombie (Ossuary)
  2 hound skeletons
  A mummy (D:14)
  40 river rats
  27 adders
  2 swamp drake zombies (Swamp:5)
  3 shadow imps
  16 gnolls
  6 worms
  An adder skeleton (D:5)
  3 adder zombies (Ossuary)
  6 giant geckos
  239 orcs
  3 ball pythons
  A bat skeleton (D:6)
  4 giant cockroaches
  20 goblins
  19 hobgoblins
  20 jackals
  17 quokkas
  16 bats
  4 giant newts
  A giant spore (D:12)
  7 hobgoblin zombies (Ossuary)
  23 kobolds
  12 kobold zombies (Ossuary)
  9 orc zombies (Ossuary)
  A quokka skeleton (D:7)
  22 rats
  3 ballistomycetes
  2 bushes
  3 fungi
  2 plants
1922 creatures vanquished.

Vanquished Creatures (collateral kills)
  A water moccasin (D:7)
  2 mummies (Ossuary)
  3 orcs (D:2)
  2 hobgoblins (D:1)
  2 kobolds (D:1)
  3 jackals (D:2)
  2 rat zombies (Ossuary)
15 creatures vanquished.

Vanquished Creatures (others)
  A wizard (D:13)
  A black bear (D:13)
  A centaur (D:15)
  A crimson imp (Ossuary)
  An iron imp (D:7)
  A white imp (Ossuary)
  An orc (Orc:3)
  2 giant spores
  24 fungi
  21 plants
54 creatures vanquished.

Grand Total: 1991 creatures vanquished

Notes
Turn   | Place    | Note
--------------------------------------------------------------
     0 | D:1      | faibistes, the Deep Elf Wizard, began the quest for the Orb.
     0 | D:1      | Reached XP level 1. HP: 10/10 MP: 6/6
   241 | D:1      | Reached XP level 2. HP: 15/15 MP: 1/10
   245 | D:1      | Learned a level 2 spell: Blink
   248 | D:1      | Learned a level 2 spell: Call Imp
   312 | D:1      | Reached skill level 6 in Dodging
   312 | D:1      | Reached skill level 10 in Spellcasting
   312 | D:1      | Reached XP level 3. HP: 2/19 MP: 1/20
   589 | D:1      | Learned a level 3 spell: Conjure Flame
   593 | D:1      | Learned a level 3 spell: Mephitic Cloud
   873 | D:3      | Learned a level 2 spell: Repel Missiles
   910 | D:4      | Noticed a phantom
   984 | D:3      | Reached XP level 4. HP: 21/24 MP: 12/23
  1894 | D:2      | Found an iron altar of Okawaru.
  1915 | D:2      | Reached skill level 11 in Spellcasting
  1987 | D:2      | Reached XP level 5. HP: 28/28 MP: 25/25
  2222 | D:2      | Found a shattered altar of Ashenzari.
  2682 | D:3      | Noticed faibistes' ghost (average DEWz)
  2696 | D:3      | Killed faibistes' ghost
  2902 | D:3      | Found an opulent altar of Gozag.
  3162 | D:3      | Reached XP level 6. HP: 32/32 MP: 27/27
  3293 | D:3      | Found a blossoming altar of Fedhas.
  3610 | D:5      | Entered Level 5 of the Dungeon
  3718 | D:4      | Noticed an ogre
  3723 | D:4      | Killed an ogre
  3904 | D:4      | Reached skill level 1 in Fighting
  3954 | D:4      | Killed a phantom
  3977 | D:4      | Reached XP level 7. HP: 30/39 MP: 28/29
  4089 | D:4      | Noticed a phantom
  4103 | D:4      | Killed a phantom
  4170 | D:4      | Found a shadowy altar of Dithmenos.
  4731 | D:4      | Noticed Crazy Yiuf
  4740 | D:4      | Killed Crazy Yiuf
  5171 | D:5      | Noticed Edmund
  5176 | D:5      | Killed Edmund
  5176 | D:5      | Reached skill level 12 in Spellcasting
  5230 | D:6      | Found a shimmering altar of Xom.
  5607 | D:5      | Noticed Sigmund
  5758 | D:5      | Killed Sigmund
  5758 | D:5      | Reached XP level 8. HP: 44/46 MP: 30/30
  5830 | D:5      | Found Frinet's Magic Scroll Emporium.
  5834 | D:5      | Bought 3 scrolls of teleportation for 108 gold pieces
  5834 | D:5      | Bought a scroll of fear for 42 gold pieces
  5834 | D:5      | Bought a scroll of fog for 24 gold pieces
  5933 | D:6      | Noticed Grinder
  5936 | D:6      | Paralysed by Grinder for 3 turns
  5954 | D:6      | Killed Grinder
  5954 | D:6      | Reached skill level 1 in Evocations
  6098 | D:7      | Found a sand-covered staircase.
  6176 | Ossuary  | Entered an ossuary
  7024 | D:8      | Found Soquitil's Demolitions Depot.
  7259 | D:6      | Reached XP level 9. HP: 44/52 MP: 27/32
  7665 | D:6      | Reached skill level 13 in Spellcasting
  8344 | D:7      | Noticed a troll
  8367 | D:6      | Killed a troll
  8630 | D:7      | Found a staircase to the Ecumenical Temple.
  8642 | Temple   | Entered the Ecumenical Temple
  8893 | Temple   | Became a worshipper of Sif Muna the Loreminder
  9423 | D:8      | Learned a level 4 spell: Force Lance
  9429 | D:8      | Learned a level 5 spell: Phase Shift
  9567 | D:8      | Found a burning altar of Makhleb.
  9573 | D:8      | Found a white marble altar of Elyvilon.
  9918 | D:9      | Reached skill level 1 in Poison Magic
 10028 | D:8      | Reached skill level 1 in Air Magic
 10252 | D:8      | Found Olierph's Book Shop.
 10285 | D:8      | Reached skill level 1 in Fire Magic
 10455 | D:8      | Found a sacrificial altar of Ru.
 10484 | D:8      | Noticed a moth of wrath
 10485 | D:8      | Found a bloodstained altar of Trog.
 10754 | D:8      | Acquired Sif Muna's first power
 11125 | D:9      | Reached XP level 10. HP: 58/58 MP: 22/34
 11726 | D:10     | Entered Level 10 of the Dungeon
 12040 | D:9      | Reached skill level 14 in Spellcasting
 12181 | D:9      | Found a roughly hewn altar of Beogh.
 12432 | D:9      | Reached skill level 1 in Invocations
 12540 | D:9      | Reached skill level 5 in Fighting
 12708 | D:9      | Acquired Sif Muna's second power
 12935 | D:9      | Reached skill level 5 in Conjurations
 13078 | D:10     | Reached skill level 1 in Charms
 13149 | D:10     | Found a staircase to the Orcish Mines.
 13200 | D:11     | Noticed a hill giant
 13212 | D:11     | Killed a hill giant
 13405 | D:10     | Learned a level 3 spell: Stone Arrow
 13473 | D:10     | Reached skill level 1 in Earth Magic
 13504 | D:10     | Noticed Psyche
 13511 | D:10     | Killed Psyche
 13834 | D:10     | Reached XP level 11. HP: 64/64 MP: 29/35
 14023 | D:10     | Found a staircase to the Lair.
 15214 | Lair:1   | Entered Level 1 of the Lair of Beasts
 15593 | D:8      | Bought a book of Conjurations for 390 gold pieces
 15605 | D:8      | Learned a level 4 spell: Iskenderun's Mystic Blast
 15611 | D:8      | Learned a level 5 spell: Iskenderun's Battlesphere
 15616 | D:8      | Learned a level 3 spell: Dazzling Spray
 15985 | Lair:1   | Noticed a four-headed hydra
 15998 | Lair:1   | Killed a four-headed hydra
 16007 | Lair:1   | Reached skill level 10 in Dodging
 16346 | Lair:1   | Reached skill level 5 in Evocations
 16765 | Lair:1   | Identified a scroll of acquirement
 16766 | Lair:1   | Identified the Tome of Burning Combat Magic (You acquired it on level 1 of the Lair of Beasts)
 16775 | Lair:1   | Learned a level 5 spell: Fireball
 16952 | Lair:1   | Noticed a spriggan rider
 16956 | Lair:1   | Killed a wasp
 16957 | Lair:1   | Killed a spriggan
 17323 | Lair:1   | Reached skill level 5 in Invocations
 17329 | Lair:1   | Reached XP level 12. HP: 60/69 MP: 21/36
 17403 | Lair:1   | Reached skill level 5 in Charms
 18064 | Lair:2   | Noticed a six-headed hydra
 18066 | Lair:2   | Noticed a five-headed hydra
 18131 | Lair:2   | Reached skill level 15 in Spellcasting
 18201 | Lair:2   | Killed a five-headed hydra
 18318 | Lair:2   | Found a white marble altar of Elyvilon.
 18327 | Lair:2   | Killed a six-headed hydra
 18327 | Lair:2   | Reached skill level 5 in Fire Magic
 18327 | Lair:2   | Reached skill level 5 in Earth Magic
 18635 | Lair:2   | Noticed Harold
 18646 | Lair:2   | Killed Harold
 18773 | Lair:3   | Noticed Rupert
 18785 | Lair:3   | Killed Rupert
 19616 | Lair:4   | Found a hole to the Spider Nest.
 20200 | Lair:4   | Acquired Sif Muna's third power
 20585 | Lair:5   | Reached skill level 5 in Translocations
 22739 | Lair:6   | Reached XP level 13. HP: 74/74 MP: 38/38
 23023 | Lair:6   | Found a staircase to the Swamp.
 23350 | Lair:6   | Found a sacrificial altar of Ru.
 23988 | Lair:7   | Noticed faibistes' ghost (powerful DEWz)
 24075 | Lair:7   | Noticed a four-headed hydra
 24081 | Lair:7   | Killed a four-headed hydra
 24187 | Lair:7   | Killed faibistes' ghost
 24345 | Lair:7   | Reached skill level 16 in Spellcasting
 24623 | Lair:8   | Entered Level 8 of the Lair of Beasts
 24898 | Lair:7   | Received a gift from Sif Muna
 25863 | Lair:8   | Found a staircase to the Slime Pits.
 26417 | Lair:8   | Reached XP level 14. HP: 78/80 MP: 11/39
 27988 | Lair:2   | Learned a level 4 spell: Airstrike
 28518 | Lair:8   | Found a burning altar of Makhleb.
 28521 | Lair:8   | Received a gift from Sif Muna
 29231 | Lair:8   | Found a gateway to Hell.
 29672 | D:8      | Bought a book of Fire for 845 gold pieces
 29682 | D:8      | Learned a level 6 spell: Bolt of Fire
 29796 | Lair:2   | Learned a level 6 spell: Deflect Missiles
 29895 | Orc:1    | Entered Level 1 of the Orcish Mines
 30448 | Orc:4    | Entered Level 4 of the Orcish Mines
 30845 | Orc:3    | Found a roughly hewn altar of Beogh.
 31653 | Orc:2    | Found a roughly hewn altar of Beogh.
 32599 | Orc:1    | Found Lelaej's Antique Armour Boutique.
 32600 | Orc:1    | Found a white marble altar of Elyvilon.
 33038 | Orc:3    | Noticed Maurice
 33042 | Orc:3    | Killed Maurice
 33443 | Orc:3    | Reached skill level 17 in Spellcasting
 33865 | Orc:4    | Found a staircase to the Elven Halls.
 34127 | Orc:4    | Noticed Saint Roka
 34145 | Orc:4    | Killed Saint Roka
 34350 | Orc:4    | Reached XP level 15. HP: 86/86 MP: 27/40
 34644 | Orc:4    | Found a roughly hewn altar of Beogh.
 34894 | Orc:4    | Found Ytipaul's General Store.
 34915 | Orc:4    | Found Fraug's Antique Weapon Boutique.
 34943 | Orc:4    | Bought a scroll of holy word for 97 gold pieces
 34943 | Orc:4    | Bought a scroll of identify for 26 gold pieces
 34943 | Orc:4    | Bought a scroll of identify for 26 gold pieces
 35424 | Orc:4    | Found Pyrghaw's Antique Armour Boutique.
 35430 | Orc:4    | Bought a pair of glowing boots for 126 gold pieces
 35435 | Orc:4    | Bought a pair of runed gloves for 126 gold pieces
 35466 | Orc:4    | Found Uczaz's Book Boutique.
 35587 | Elf:1    | Entered Level 1 of the Elven Halls
 36015 | Elf:1    | Received a gift from Sif Muna
 36024 | Elf:1    | Learned a level 5 spell: Lee's Rapid Deconstruction
 36272 | Elf:1    | Reached skill level 10 in Invocations
 37242 | Elf:1    | Reached skill level 5 in Air Magic
 39351 | Elf:2    | Received a gift from Sif Muna
 39353 | Elf:2    | Identified Sif Muna's Papyrus of the Rocks (Sif Muna gifted it to you on level 2 of the Elven Halls)
 39381 | Elf:2    | Found a runed gate.
 39408 | Elf:2    | Found a runed gate.
 39409 | Elf:2    | Found a runed gate.
 39607 | Elf:2    | Reached skill level 10 in Fire Magic
 39649 | Elf:2    | Reached skill level 10 in Charms
 40619 | Elf:2    | Reached skill level 10 in Conjurations
 40624 | Elf:2    | Reached skill level 10 in Earth Magic
 40624 | Elf:2    | Reached XP level 16. HP: 16/92 MP: 5/41
 41187 | Elf:2    | Reached skill level 18 in Spellcasting
 41872 | Lair:2   | Learned a level 5 spell: Ignite Poison
 41882 | Lair:2   | Learned a level 7 spell: Ring of Flames
 42063 | Swamp:1  | Entered Level 1 of the Swamp
 42161 | Spider:1 | Entered Level 1 of the Spider Nest
 42731 | Spider:1 | Reached skill level 1 in Transmutations
 44208 | Spider:1 | Received a gift from Sif Muna
 44247 | Spider:1 | Identified Sif Muna's Grimoire of Fiery Battle Magic (Sif Muna gifted it to you on level 1 of the Spider Nest)
 44696 | Spider:3 | Noticed Arachne
 44948 | Spider:3 | Killed Arachne
 45393 | Lair:2   | Learned a level 6 spell: Haste
 47434 | Spider:3 | Reached XP level 17. HP: 50/99 MP: 0/42
 48639 | Spider:5 | Entered Level 5 of the Spider Nest
 49017 | Spider:2 | Reached skill level 19 in Spellcasting
 50783 | Spider:4 | Noticed Jorgrun
 50785 | Spider:4 | Received a gift from Sif Muna
 50801 | Spider:4 | Killed Jorgrun
 53559 | Spider:5 | Received a gift from Sif Muna
 53560 | Spider:5 | Identified Sif Muna's Handbook of Conjuration (Sif Muna gifted it to you on level 5 of the Spider Nest)
 55662 | Spider:5 | Got a gossamer rune of Zot
 55968 | Spider:5 | Reached XP level 18. HP: 105/105 MP: 40/43
 57037 | Swamp:2  | Noticed Louise
 57041 | Swamp:2  | Killed Louise
 58909 | Swamp:5  | Entered Level 5 of the Swamp
 59098 | Swamp:2  | Got an iridescent dagger
 59099 | Swamp:2  | Identified the +7 dagger "Verghun" {distort, rF+ Str+4 Dex+4} (You found it on level 2 of the Swamp)
 59126 | Swamp:2  | Received a gift from Sif Muna
 59141 | Swamp:2  | Identified Sif Muna's Volume of Mutagenic Clay (Sif Muna gifted it to you on level 2 of the Swamp)
 59974 | Swamp:2  | Reached skill level 20 in Spellcasting
 61045 | Swamp:4  | Noticed Agnes
 61048 | Swamp:4  | Killed Agnes
 65886 | Swamp:5  | Noticed a bone dragon
 65890 | Swamp:5  | Killed a bone dragon
 65890 | Swamp:5  | Received a gift from Sif Muna
 65893 | Swamp:5  | Identified Sif Muna's Guide on Flight (Sif Muna gifted it to you on level 5 of the Swamp)
 66398 | Swamp:5  | Got a decaying rune of Zot
 66876 | Lair:2   | Learned a level 6 spell: Iron Shot
 67443 | D:11     | Noticed Urug
 67683 | D:11     | Reached XP level 19. HP: 112/112 MP: 41/44
 67914 | D:11     | Killed Urug
 68220 | Lair:2   | Learned a level 6 spell: Poisonous Cloud
 68287 | Lair:2   | Learned a level 5 spell: Ignite Poison
 68586 | D:11     | Noticed a three-headed hydra
 68589 | D:11     | Killed a three-headed hydra
 68962 | D:12     | Noticed a hill giant
 68964 | D:12     | Killed a hill giant
 69198 | D:13     | Found a flagged portal.
 69365 | Bailey   | Entered a bailey
 70524 | D:12     | Noticed a seven-headed hydra
 70527 | D:12     | Killed a seven-headed hydra
 71407 | D:15     | Entered Level 15 of the Dungeon
 72168 | D:13     | Found a gate to the Vaults.
 74035 | D:14     | Received a gift from Sif Muna
 74036 | D:14     | Identified Lom Lobon's Catalogue of the Voyage (Sif Muna gifted it to you on level 14 of the Dungeon)
 75821 | Vaults:1 | Entered Level 1 of the Vaults
 76093 | Vaults:1 | Reached skill level 10 in Fighting
 76104 | Vaults:1 | Reached skill level 5 in Poison Magic
 76523 | Vaults:1 | Reached skill level 21 in Spellcasting
 77307 | Vaults:1 | Noticed Norris
 77312 | Vaults:1 | Shot with a steel bolt by a yaktaur captain

Action                   |  1- 3 |  4- 6 |  7- 9 | 10-12 | 13-15 | 16-18 | 19-21 || total
-------------------------+-------+-------+-------+-------+-------+-------+-------++-------
Melee: Unarmed           |     5 |       |       |       |       |       |       ||     5
       Dagger            |       |       |    46 |    27 |       |       |       ||    73
       Staff             |       |       |       |     8 |    13 |     9 |    11 ||    41
 Cast: Magic Dart        |    59 |   156 |   464 |   391 |   278 |    48 |       ||  1396
       Call Imp          |     8 |       |    20 |       |       |       |       ||    28
       Mephitic Cloud    |     2 |     9 |    28 |    28 |       |       |       ||    67
       Blink             |     2 |       |     2 |     5 |     8 |     5 |     2 ||    24
       Repel Missiles    |     1 |       |     3 |       |       |       |       ||     4
       Conjure Flame     |       |     1 |    56 |    58 |    21 |       |       ||   136
       Force Lance       |       |       |    26 |   160 |    95 |    96 |    12 ||   389
       Iskenderun's Myst |       |       |       |    26 |       |       |       ||    26
       Fireball          |       |       |       |    66 |   305 |   172 |    65 ||   608
       Iskenderun's Batt |       |       |       |    20 |    98 |    16 |       ||   134
       Bolt of Fire      |       |       |       |       |    34 |   348 |   164 ||   546
       Airstrike         |       |       |       |       |    32 |    16 |       ||    48
       Deflect Missiles  |       |       |       |       |     3 |     1 |     5 ||     9
       Lee's Rapid Decon |       |       |       |       |    36 |    64 |    64 ||   164
       Ignite Poison     |       |       |       |       |       |   235 |    15 ||   250
       Ring of Flames    |       |       |       |       |       |    41 |    12 ||    53
       Haste             |       |       |       |       |       |     6 |       ||     6
       Poisonous Cloud   |       |       |       |       |       |       |     9 ||     9
       Iron Shot         |       |       |       |       |       |       |     3 ||     3
Invok: Channel Energy    |       |       |       |    16 |    37 |   146 |    26 ||   225
       Forget Spell      |       |       |       |     2 |     3 |     5 |     1 ||    11
Evoke: Wand              |       |       |       |       |     1 |    17 |       ||    18
  Use: Potion            |     1 |       |       |     1 |     2 |    12 |     2 ||    18
       Scroll            |       |     3 |     8 |    17 |    11 |    11 |     5 ||    55
 Stab: Sleeping          |       |       |     1 |       |       |       |       ||     1
  Eat: Chunk             |       |     9 |    20 |    28 |    56 |    49 |    12 ||   174
       Fruit             |       |       |     1 |     3 |     1 |    50 |    10 ||    65
       Beef jerky        |       |       |       |     2 |       |     8 |     1 ||    11
       Pizza             |       |       |       |     3 |     4 |       |     5 ||    12
       Royal jelly       |       |       |       |       |       |     2 |     1 ||     3
       Bread ration      |       |       |       |       |       |       |     1 ||     1
